Map: Lost and Found LE

Players

WiNdRiVeN

  • Race: Zerg Zerg
  • League: Master
  • Spawn Location: 7:00

Jobama - Winner!

  • Race: Protoss Protoss
  • League: Master
  • Spawn Location: 1:00

VOD

Have the link to the VOD?

Description

I am Windriven

Time

  • Played on: July 13, 2018, 7:29 p.m.
  • Length: 12:32
Show
View Real Time Build Order
Export as new Build Order

WiNdRiVeN Zerg 

Build Orders: Pool First 

Get SALT Encoding   

  12  0:00  Drone  
  13  0:08  Drone  
  14  0:16  Drone, Extractor  
  15  0:22  Overlord  
  15  0:37  Spawning Pool  
  15  0:41  Drone  
  15  0:43  Extractor  
  15  0:46  Drone  
  15  0:52  Drone  
  15  0:54  Drone  
  17  1:20  Hatchery  
  17  1:24  Zergling x2  
  17  1:25  Zergling x2  
  18  1:30  Drone  
  19  1:39  Drone  
  20  1:44  Metabolic Boost  
  20  1:54  Overlord  
  20  1:57  Queen  
  22  2:13  Drone x2  
  24  2:23  Hatchery  
  23  2:33  Queen  
  25  2:37  Drone  
  26  2:46  Drone x3  
  26  2:48  Drone  
  30  2:54  Drone x2  
  32  3:03  Drone  
  33  3:09  Queen  
  33  3:10  Overlord  
  35  3:13  Overlord  
  35  3:15  Drone  
  36  3:25  Overlord  
  36  3:29  Drone  
  37  3:37  Spore Crawler  
  37  3:38  Spore Crawler  
  37  3:39  Drone  
  37  3:40  Drone x2  
  38  3:43  Drone  
  38  3:44  Drone x2  
  41  3:49  Drone x3  
  41  3:50  Spore Crawler  
  43  3:58  Drone x2  
  45  4:07  Extractor x2  
  45  4:09  Zergling x6  
  46  4:15  Overlord  
  46  4:26  Drone  
  46  4:27  Drone x7  
  53  4:41  Queen, Overlord  
  53  4:42  Overlord  
  53  4:43  Lair  
  55  4:46  Drone x4, Evolution Chamber  
  55  4:47  Drone  
  55  4:48  Evolution Chamber  
  55  4:50  Drone x2  
  60  4:53  Drone  
  60  4:54  Extractor  
  60  5:00  Roach Warren  
  60  5:02  Drone  
  60  5:03  Drone x2  
  60  5:06  Drone x2  
  60  5:07  Drone  
  65  5:16  Zerg Ground Armor Level 1, Zerg Missile Weapons Level 1  
  65  5:28  Overlord x2  
  65  5:29  Drone  
  65  5:30  Drone x7  
  73  5:40  Roach x4  
  81  5:43  Glial Reconstitution  
  80  5:54  Roach x7  
  80  5:55  Roach  
  93  6:07  Burrow, Overlord x4  
  93  6:08  Overlord  
  93  6:11  Overlord  
  93  6:12  Extractor  
  93  6:13  Roach  
  93  6:14  Roach  
  93  6:16  Roach  
  98  6:40  Overseer  
  98  6:43  Overlord  
  98  6:44  Roach x7  
  98  6:45  Roach x4  
  98  6:47  Hatchery  
  120  7:02  Hatchery  
  119  7:09  Ravager x4  
  123  7:16  Queen  
  123  7:18  Tunneling Claws  
  123  7:20  Roach x19  
  125  7:23  Roach x2  
  125  7:25  Overlord x2  
  127  7:42  Roach  
  127  7:43  Roach x5  
  124  7:52  Roach x14, Zerg Missile Weapons Level 2  
  115  8:09  Roach x8  
  111  8:25  Drone  
  111  8:26  Drone x18  
  118  8:33  Hydralisk Den, Zergling x2  
  110  8:36  Drone, Extractor  
  110  8:37  Drone x2  
  112  8:54  Zerg Melee Weapons Level 1  
  112  8:56  Drone x4, Infestation Pit  
  112  8:57  Drone  
  112  9:01  Drone x5, Extractor  
  120  9:03  Zergling x8, Extractor  
  120  9:06  Grooved Spines  
  120  9:08  Baneling Nest  
  122  9:13  Hydralisk x5  
  122  9:15  Hydralisk  
  134  9:32  Hydralisk x5  
  134  9:33  Hydralisk  
  134  9:35  Overlord x4  
  134  9:36  Overlord x2  
  146  9:41  Hatchery  
  143  9:47  Hive  
  143  9:51  Overlord  
  143  10:04  Baneling x10  
  143  10:05  Zergling x12  
  143  10:06  Zergling x24  
  157  10:18  Muscular Augments  
  157  10:25  Hydralisk x10  
  157  10:28  Baneling x4  
  175  10:29  Baneling  
  175  10:30  Baneling  
  175  10:31  Roach x7  
  175  10:33  Overseer  
  140  10:51  Hydralisk x8  
  140  10:55  Zergling x14  
  151  10:58  Queen  
  151  11:02  Hydralisk x4  
  161  11:09  Zergling x2  
  161  11:10  Zergling x14  
  166  11:17  Baneling x7  
  166  11:18  Baneling x3  
  164  11:19  Zergling x6  
  167  11:27  Spine Crawler  
  167  11:28  Spine Crawler x2  
  167  11:29  Spine Crawler  
  163  11:41  Hatchery  
  163  11:45  Baneling, Hatchery  
  163  11:46  Baneling x14  
  161  11:53  Hydralisk x4  
  137  12:28  Hatchery  
Show
View Real Time Build Order
Export as new Build Order

Jobama Protoss - Winner!

Build Orders: Oracle Opening, Phoenix Opening, Zealot Archon 

Get SALT Encoding   

  12  0:00  Probe  
  13  0:13  Probe  
  14  0:19  Pylon  
  14  0:25  Probe  
  15  0:33  Probe  
  15  0:38  Gateway  
  15  0:42  Probe  
  17  0:51  Assimilator  
  17  0:53  Probe  
  18  1:05  Probe  
  19  1:17  Probe  
  20  1:27  Cybernetics Core  
  20  1:28  Zealot  
  22  1:36  Pylon  
  22  1:37  Probe  
  22  1:39  Assimilator  
  23  1:54  Probe  
  23  1:57  Adept  
  23  1:58  Gateway  
  24  2:06  Probe, Warp Gate  
  27  2:18  Probe  
  28  2:28  Nexus  
  28  2:30  Probe  
  28  2:42  Probe  
  29  2:46  Stargate  
  29  2:54  Probe  
  29  2:57  Pylon  
  30  3:07  Probe  
  30  3:12  Shield Battery  
  31  3:16  Sentry  
  31  3:18  Oracle  
  31  3:19  Probe  
  34  3:20  Adept  
  39  3:39  Probe  
  39  3:40  Probe  
  41  3:47  Phoenix  
  41  3:51  Probe, Assimilator  
  41  3:52  Probe  
  41  3:53  Assimilator  
  45  4:04  Probe x2, Pylon  
  47  4:16  Probe  
  47  4:17  Probe  
  49  4:18  Robotics Facility  
  49  4:28  Probe  
  49  4:29  Probe  
  49  4:30  Twilight Council  
  51  4:39  Pylon  
  51  4:40  Probe  
  51  4:41  Probe  
  53  4:47  Adept x2  
  53  4:52  Probe  
  58  4:53  Probe  
  58  4:58  Warp Prism  
  59  5:01  Gateway  
  59  5:02  Gateway  
  59  5:04  Probe  
  60  5:10  Probe  
  63  5:17  Probe, Templar Archives  
  63  5:20  Pylon  
  64  5:32  Zealot  
  64  5:33  Zealot  
  68  5:38  Observer  
  68  5:40  Pylon  
  69  5:53  Nexus  
  69  5:55  Pylon  
  69  5:57  Pylon  
  69  6:01  Probe x2  
  71  6:05  Psionic Storm, High Templar x3  
  71  6:06  High Templar  
  71  6:09  Archon  
  71  6:10  Archon  
  79  6:13  Probe  
  79  6:14  Shield Battery  
  79  6:16  Probe  
  81  6:25  Probe  
  82  6:28  Probe, Gateway  
  82  6:29  Gateway  
  83  6:34  High Templar  
  83  6:35  High Templar  
  83  6:37  Probe  
  88  6:40  Probe, Charge  
  88  6:43  Forge  
  89  6:49  Probe  
  89  6:53  Probe  
  91  6:58  Immortal  
  95  7:01  Probe  
  95  7:05  Probe  
  95  7:08  Probe  
  98  7:13  Probe  
  99  7:15  Gateway  
  99  7:16  Gateway  
  99  7:17  Probe  
  99  7:19  Pylon  
  100  7:28  Zealot x6  
  111  7:35  Archon  
  99  7:38  Observer  
  87  7:44  Probe  
  80  7:53  Zealot x4  
  80  7:54  Zealot x2  
  83  7:58  Probe x3  
  83  8:00  Immortal  
  85  8:10  Probe x3  
  86  8:17  High Templar x5  
  86  8:18  Probe x2, Zealot  
  92  8:22  Probe  
  92  8:26  Probe x2, Protoss Ground Weapons Level 1  
  91  8:33  Immortal  
  93  8:34  Probe  
  93  8:35  Shield Battery  
  93  8:37  Probe x2  
  93  8:38  Assimilator  
  96  8:44  Assimilator  
  96  8:47  Probe  
  101  9:00  High Templar x2, Zealot x4  
  113  9:04  Pylon  
  113  9:06  Immortal  
  113  9:08  Archon, Pylon  
  117  9:22  Pylon  
  117  9:23  Pylon  
  117  9:24  Zealot x2  
  117  9:25  Pylon  
  121  9:33  Photon Cannon  
  121  9:35  Photon Cannon  
  117  9:51  High Templar x2  
  117  9:52  High Templar x2  
  125  9:54  Zealot x4  
  125  9:56  Archon  
  125  9:57  Archon  
  125  9:59  Protoss Ground Weapons Level 2  
  131  10:15  Zealot x2  
  131  10:16  Zealot x2  
  136  10:22  Nexus  
  136  10:23  Gateway  
  136  10:24  Pylon  
  136  10:25  Gateway  
  136  10:29  Zealot x2  
  140  10:35  Zealot x2  
  124  10:50  Zealot  
  114  10:57  Zealot x7  
  128  11:13  Gateway  
  128  11:17  Gateway  
  120  11:21  Photon Cannon  
  120  11:22  High Templar x9  
  138  11:31  Archon x4  
  138  11:39  Probe x3  
  141  11:45  Photon Cannon  
  141  11:46  Photon Cannon  
  141  11:48  Shield Battery  
  141  11:54  Assimilator  
  141  11:55  Assimilator  
  141  11:59  High Templar x3  
  141  12:00  High Templar  
  149  12:01  Zealot x2  
  149  12:02  Zealot x2  
  151  12:18  Archon x2  
  151  12:22  Zealot x6  
Tags
 
Add a new tag
Caveats
  • Supply blocks, unpowered buildings, or Contaminate may cause inaccurate times.
  • Supply counts are checked every 10 seconds.